[Event "Titled Tuesday Blitz August 24 2021"]
[White "Przybylski, Wojciech"]
[Black "Bortnyk, Olexandr"]
[WhiteFideId "1117599"]
[BlackFideId "14120828"]
[WhiteElo "2250"]
[BlackElo "2723"]
[Result "0-1"]
[Round "09"]
[TimeControl "180+1"]
[Date "2021.08.24"]
[WhiteClock "0:00:05"]
[BlackClock "0:01:28"]

1. e4 Nf6 2. Nc3 d5 3. exd5 Nxd5 4. Nf3 Nxc3 5. bxc3 g6 6. d4 Bg7 7. Bd3 O-O 8. O-O c5 9. Be3 Qa5 10. Qd2 Rd8 11. Rab1 cxd4 12. cxd4 Qxd2 13. Bxd2 Nc6 14. c3 e5 15. Bg5 Rd6 16. Rfe1 h6 17. Bc1 exd4 18. Re8+ Kh7 19. Ba3 Re6 20. Rxe6 Bxe6 21. Nxd4 Nxd4 22. cxd4 Rd8 23. Rxb7 Rxd4 24. Be2 Rd2 25. Bf1 Rd1 26. Rc7 Bf5 0-1


[Site "https://www.chess.com"]

[Event "Titled Tuesday Blitz August 24 2021"]
[White "Quintiliano Pinto, Renato R."]
[Black "Vazquez, Facundo"]
[WhiteFideId "2117568"]
[BlackFideId "3007669"]
[WhiteElo "2439"]
[BlackElo "1984"]
[Result "1/2-1/2"]
[Round "09"]
[TimeControl "180+1"]
[Date "2021.08.24"]
[WhiteClock "0:00:14"]
[BlackClock "0:00:17"]

1. e4 c5 2. Nf3 Nc6 3. d4 cxd4 4. Nxd4 Nf6 5. Nc3 e5 6. Ndb5 d6 7. Bg5 a6 8. Na3 b5 9. Bxf6 gxf6 10. Nd5 Bg7 11. c3 Ne7 12. Nxe7 Qxe7 13. Bd3 f5 14. O-O O-O 15. Nc2 d5 16. exd5 e4 17. Be2 f4 18. Re1 Qg5 19. Bf1 Bg4 20. Qd2 Rfe8 21. a4 Re5 22. axb5 Rxd5 23. Qc1 Bf3 24. Ra4 f5 25. bxa6 Rd6 26. g3 Be5 27. Ra5 Qg7 28. Rxe5 fxg3 29. fxg3 Qxe5 30. Nd4 Bh5 31. Qg5+ Bg6 32. Bc4+ Kh8 33. Rf1 Rxd4 34. cxd4 Qxd4+ 35. Kg2 Qxc4 36. Qf6+ Kg8 37. a7 Qc7 38. Qe6+ Kh8 39. Qf6+ Kg8 40. Qe6+ Bf7 41. Qxf5 Rxa7 42. Qxe4 Qb7 43. Qxb7 Rxb7 44. Rf2 Bd5+ 45. Kh3 Rb3 46. Kh4 Kg7 47. h3 Bf7 48. g4 Rb4 49. Kg3 Rb3+ 50. Kh4 Rb4 51. Kg3 Rb3+ 52. Kh4 1/2-1/2


[Site "https://www.chess.com"]

[Event "Titled Tuesday Blitz August 24 2021"]
[White "Rakhmanov, Aleksandr"]
[Black "Djordjevic, Vuk"]
[WhiteFideId "4173708"]
[BlackFideId "902098"]
[WhiteElo "2498"]
[BlackElo "2463"]
[Result "1-0"]
[Round "09"]
[TimeControl "180+1"]
[Date "2021.08.24"]
[WhiteClock "0:00:53"]
[BlackClock "0:00:01"]

1. c4 e5 2. Nf3 Nc6 3. d4 exd4 4. Nxd4 g6 5. Nxc6 bxc6 6. Nc3 Bg7 7. g3 d6 8. Bg2 Ne7 9. O-O Be6 10. c5 d5 11. Bf4 Qd7 12. Qd2 h6 13. Rad1 g5 14. Be3 Nf5 15. Qc1 Nxe3 16. Qxe3 O-O 17. Qd2 Qe7 18. Rc1 Qxc5 19. Nxd5 Qd6 20. Rxc6 Qe5 21. Nxc7 Rad8 22. Qc2 Bd7 23. Rc5 Qxb2 24. Qxb2 Bxb2 25. Rb1 Bd4 26. Rd5 Bg4 27. e3 Rxd5 28. Nxd5 Be5 29. f4 Bg7 30. Rb7 a6 31. f5 Re8 32. h3 Be2 33. f6 Bf8 34. Ne7+ Kh8 35. Bd5 Rd8 36. Bxf7 Bf3 37. Ng6+ Kh7 38. Nxf8+ 1-0


[Site "https://www.chess.com"]

[Event "Titled Tuesday Blitz August 24 2021"]
[White "Real De Azua, Ernesto"]
[Black "Eynullayev, Altay"]
[WhiteFideId "108154"]
[BlackFideId "13413562"]
[WhiteElo "2476"]
[BlackElo "2079"]
[Result "1-0"]
[Round "09"]
[TimeControl "180+1"]
[Date "2021.08.24"]
[WhiteClock "0:00:47"]
[BlackClock "0:00:01"]

1. e4 c5 2. Nf3 e6 3. d4 cxd4 4. Nxd4 Nc6 5. Nc3 a6 6. Nxc6 bxc6 7. Qf3 Qc7 8. Qg3 Qxg3 9. hxg3 d5 10. Bd3 Nf6 11. Bd2 Bc5 12. f3 a5 13. g4 Ba6 14. Bxa6 Rxa6 15. g5 Nd7 16. a4 Bb4 17. Rh4 Ne5 18. b3 h5 19. gxh6 Rxh6 20. Rxh6 gxh6 21. Ke2 d4 22. Nd1 Bxd2 23. Kxd2 c5 24. Nb2 Kf8 25. Nd3 Nd7 26. Rh1 e5 27. Nb2 Kg7 28. Nc4 Kg6 29. g4 Nf8 30. Nxe5+ Kg7 31. Nc4 Ne6 32. Rh5 Ra8 33. Rf5 Ra7 34. e5 Rc7 35. f4 Ra7 36. Rf6 Nf8 37. f5 Nh7 38. Rc6 Ng5 39. Kd3 h5 40. gxh5 1-0


[Site "https://www.chess.com"]

[Event "Titled Tuesday Blitz August 24 2021"]
[White "Rodchenkov, Vitaly"]
[Black "Kononenko, Dmitry"]
[WhiteFideId "4152964"]
[BlackFideId "14113538"]
[WhiteElo "2337"]
[BlackElo "2276"]
[Result "0-1"]
[Round "09"]
[TimeControl "180+1"]
[Date "2021.08.24"]
[WhiteClock "0:02:13"]
[BlackClock "0:01:05"]

1. Nf3 c5 2. b3 Nc6 3. Bb2 Nf6 4. e3 g6 5. Bb5 Bg7 6. O-O O-O 7. d3 Qc7 8. Nbd2 d6 9. e4 Ne5 10. d4 Nxf3+ 11. Qxf3 cxd4 12. Bxd4 Qxc2 13. Rfd1 Bg4 14. Qd3 Bxd1 0-1


[Site "https://www.chess.com"]

[Event "Titled Tuesday Blitz August 24 2021"]
[White "Sadhwani, Raunak"]
[Black "Tang, Andrew"]
[WhiteFideId "35093487"]
[BlackFideId "2059630"]
[WhiteElo "2514"]
[BlackElo "2588"]
[Result "1-0"]
[Round "09"]
[TimeControl "180+1"]
[Date "2021.08.24"]
[WhiteClock "0:00:13"]
[BlackClock "0:00:03"]

1. b3 d5 2. Bb2 c5 3. e3 Nc6 4. Nf3 Nf6 5. Bb5 Qb6 6. a4 a6 7. Bxc6+ Qxc6 8. a5 g6 9. d3 Bg7 10. Nbd2 O-O 11. O-O Rd8 12. Qc1 h6 13. h3 Bf5 14. Re1 g5 15. Nf1 Rac8 16. Ng3 Bh7 17. Be5 Bf8 18. Ra4 Nd7 19. Bb2 f6 20. e4 d4 21. c3 e5 22. cxd4 exd4 23. Rc4 Ne5 24. Nxe5 fxe5 25. Nf5 Qb5 26. b4 Kh8 27. Ba3 Bg8 28. Rxc5 Bxc5 29. bxc5 Qxd3 30. Bb4 Kh7 31. h4 Qc4 32. Qd2 Rc6 33. hxg5 Rg6 34. c6 Qxc6 35. Be7 Rc8 36. Bf6 Qc3 37. Qd1 Bb3 38. Qb1 d3 39. Bxe5 Qxe5 40. Qxb3 d2 41. Rd1 Rc1 42. Qf7+ Qg7 43. Nxg7 Rxd1+ 44. Kh2 Rh1+ 45. Kg3 Rxg5+ 46. Kf4 Rh4+ 47. Ke3 Rxg7 48. Qf5+ Kh8 49. Kxd2 Rhg4 50. g3 R4g5 51. Qc8+ Kh7 52. f4 Rxa5 53. e5 Ra2+ 54. Ke3 Ra3+ 55. Ke4 Raxg3 56. f5 h5 57. f6 R7g4+ 58. Kd5 h4 59. Qf5+ Kg8 60. Qc8+ Kh7 61. f7 Rd3+ 62. Ke6 Rg6+ 63. Ke7 Rf3 64. f8=Q Rxf8 65. Qxf8 h3 66. Qf5 h2 67. Kf7 1-0


[Site "https://www.chess.com"]

[Event "Titled Tuesday Blitz August 24 2021"]
[White "Sarana, Alexey"]
[Black "Svane, Frederik"]
[WhiteFideId "24133795"]
[BlackFideId "12923044"]
[WhiteElo "2646"]
[BlackElo "2459"]
[Result "1/2-1/2"]
[Round "09"]
[TimeControl "180+1"]
[Date "2021.08.24"]
[WhiteClock "0:00:06"]
[BlackClock "0:00:05"]

1. d4 Nf6 2. c4 e6 3. Nf3 b6 4. g3 Bb4+ 5. Bd2 Be7 6. Bg2 c6 7. O-O O-O 8. Nc3 d5 9. Ne5 Nfd7 10. cxd5 Nxe5 11. dxe5 cxd5 12. Rc1 Ba6 13. Qa4 Qd7 14. Qf4 Nc6 15. Rfd1 Rfd8 16. a3 Na5 17. Nxd5 exd5 18. Bxa5 bxa5 19. Bxd5 Qe8 20. Bxa8 Rxa8 21. Qe4 Rb8 22. Rd2 Bg5 23. f4 Bb7 24. Qe3 Bd8 25. Qxa7 Qb5 26. Qxb8 Qb6+ 27. Kf1 Bg2+ 28. Kxg2 Qxb8 29. e4 Kf8 30. Rc6 Ke7 31. Rcd6 Bc7 32. Rd7+ Ke8 33. R7d3 Qb7 34. Kf3 Qb6 35. h4 Qg1 36. Rc3 Bb6 37. Kg4 g6 38. h5 gxh5+ 39. Kxh5 Qh1+ 40. Kg4 Qxe4 41. Rc8+ Ke7 42. Rb8 Qg6+ 43. Kf3 Qc6+ 44. Kg4 h5+ 45. Kxh5 Qf3+ 46. Kh4 Bf2 47. Rg8 Qh1+ 48. Kg4 Bxg3 49. Rdd8 f5+ 50. Kxg3 Qg1+ 51. Kh4 Qh2+ 52. Kg5 Qg3+ 53. Kxf5 Qh3+ 54. Rg4 Qh7+ 55. Rg6 Qh5+ 56. Rg5 Qh3+ 57. Ke4 Qh1+ 58. Kf5 Kxd8 59. Kf6 Qh6+ 60. Kf5 Qf8+ 61. Kg4 Qc5 62. Rg8+ Ke7 63. Rg7+ Kf8 64. Rb7 Qg1+ 65. Kf5 Qe1 66. Rb8+ Ke7 67. Rb7+ Kd8 68. Rb6 Qe3 69. Rd6+ Ke7 70. b4 Qh3+ 71. Ke4 Qg2+ 72. Kf5 axb4 73. axb4 Qc2+ 74. Kg5 Qg2+ 75. Kf5 Qc2+ 76. Kg5 Qg2+ 77. Kh6 Qh2+ 78. Kg5 Qg2+ 1/2-1/2


[Site "https://www.chess.com"]

[Event "Titled Tuesday Blitz August 24 2021"]
[White "Sevian, Samuel"]
[Black "Zhou, Jianchao"]
[WhiteFideId "2040506"]
[BlackFideId "8603537"]
[WhiteElo "2982"]
[BlackElo "2462"]
[Result "0-1"]
[Round "09"]
[TimeControl "180+1"]
[Date "2021.08.24"]
[WhiteClock "0:00:27"]
[BlackClock "0:00:03"]

1. e4 c5 2. Nf3 d6 3. d4 cxd4 4. Nxd4 Nf6 5. f3 e5 6. Nb3 Be6 7. c4 Be7 8. Be3 a5 9. Be2 Nc6 10. O-O O-O 11. Nc3 Nd7 12. Nd5 Nc5 13. Kh1 b6 14. Bg1 Rb8 15. Rc1 Bg5 16. Rb1 f5 17. Bd3 fxe4 18. Nxc5 bxc5 19. Bxe4 Nd4 20. b3 Kh8 21. Qd3 Bg8 22. Rbe1 Qd7 23. g3 a4 24. Bxd4 exd4 25. f4 Bd8 26. Kg2 axb3 27. axb3 Ba5 28. Re2 Rfe8 29. h4 Bc3 30. Rb1 Bxd5 31. Bxd5 Rxe2+ 32. Qxe2 Re8 33. Qh5 g6 34. Qg5 Re2+ 35. Kf1 d3 36. g4 Qe8 37. Bf3 Re3 38. Kg2 d2 39. h5 Re1 40. Rd1 gxh5 41. Rxd2 hxg4 42. Bxg4 Bxd2 43. Qf6+ Kg8 44. Qxd6 Bc3 45. Qxc5 Qe7 46. Qd5+ Kg7 47. Bf3 Qe6 48. Qb7+ Qf7 49. Qc8 Qg6+ 50. Bg4 Qc2+ 51. Kg3 Rg1+ 52. Kh4 Bf6+ 53. Kh5 Qh2+ 54. Bh3 Qxf4 55. Qb7+ Kh8 56. Qb8+ Qxb8 0-1


[Site "https://www.chess.com"]

[Event "Titled Tuesday Blitz August 24 2021"]
[White "Shahade, Gregory"]
[Black "Vakhidov, Shahzod"]
[WhiteFideId "2009064"]
[BlackFideId "14205270"]
[WhiteElo "2668"]
[BlackElo "1988"]
[Result "1-0"]
[Round "09"]
[TimeControl "180+1"]
[Date "2021.08.24"]
[WhiteClock "0:00:51"]
[BlackClock "0:00:23"]

1. e4 g6 2. d4 Bg7 3. Nc3 d6 4. Nf3 Nf6 5. Be2 O-O 6. O-O a6 7. a4 b6 8. Re1 Bb7 9. Bf1 e6 10. Bg5 h6 11. Bh4 g5 12. Bg3 Nh5 13. Qd3 Nd7 14. Rad1 f5 15. exf5 exf5 16. Be5 dxe5 17. dxe5 Bxf3 18. Qxf3 Nxe5 19. Rxe5 Qf6 20. Bc4+ Kh8 21. Re6 g4 22. Qc6 Qg5 23. Rg6 Qf4 24. g3 1-0


[Site "https://www.chess.com"]

[Event "Titled Tuesday Blitz August 24 2021"]
[White "Shimelkov, Vasiliy"]
[Black "Pichot, Alan"]
[WhiteFideId "13701630"]
[BlackFideId "110973"]
[WhiteElo "2073"]
[BlackElo "2622"]
[Result "1/2-1/2"]
[Round "09"]
[TimeControl "180+1"]
[Date "2021.08.24"]
[WhiteClock "0:00:14"]
[BlackClock "0:00:04"]

1. d4 Nf6 2. c4 e6 3. Nf3 Bb4+ 4. Bd2 a5 5. g3 d6 6. Bg2 O-O 7. O-O Bxd2 8. Nbxd2 Qe7 9. e4 e5 10. d5 Na6 11. Ne1 Nc5 12. Qe2 Bd7 13. b3 c6 14. Nd3 Nxd3 15. Qxd3 Rfd8 16. f4 c5 17. f5 a4 18. h3 Ra6 19. g4 h6 20. Bf3 Rda8 21. a3 axb3 22. Qxb3 Qd8 23. Kg2 Qa5 24. Rf2 b5 25. cxb5 Bxb5 26. h4 Nh7 27. Be2 Bxe2 28. Rxe2 Rb6 29. Qc2 Qb5 30. Nc4 Rba6 31. Rd2 Nf6 32. Kf3 Ra4 33. Rc1 Rxa3+ 34. Nxa3 Rxa3+ 35. Kg2 Nxg4 36. Rb1 Qa6 37. Qc1 Qa4 38. Re2 Nf6 39. Qc2 Qa6 40. Ree1 Ra2 41. Rb2 Rxb2 42. Qxb2 Qd3 43. Qe2 Qc3 44. Rb1 Kh7 45. Re1 Nh5 46. Qe3 Nf4+ 47. Kh1 Qc2 48. Qg1 g6 49. fxg6+ fxg6 50. Qg4 h5 51. Qg5 Qf2 52. Qe7+ Kh6 53. Qg5+ Kg7 54. Qe7+ Kg8 55. Qe8+ Kh7 56. Qe7+ Kh6 57. Qg5+ Kg7 58. Qe7+ Kh6 1/2-1/2


[Site "https://www.chess.com"]

[Event "Titled Tuesday Blitz August 24 2021"]
[White "Shuvalova, Polina"]
[Black "Dmitrenko, Viktor"]
[WhiteFideId "24171760"]
[BlackFideId "14110270"]
[WhiteElo "2299"]
[BlackElo "2338"]
[Result "1-0"]
[Round "09"]
[TimeControl "180+1"]
[Date "2021.08.24"]
[WhiteClock "0:00:04"]
[BlackClock "0:00:05"]

1. d4 e6 2. Nf3 Nf6 3. Bf4 c5 4. e3 d5 5. c3 Bd6 6. Nbd2 Bxf4 7. exf4 cxd4 8. Nxd4 Qc7 9. g3 a6 10. Bd3 e5 11. fxe5 Qxe5+ 12. Qe2 Qxe2+ 13. Kxe2 O-O 14. Rhe1 Bh3 15. f3 h5 16. N2b3 Nbd7 17. Kf2 g6 18. a4 Kg7 19. a5 Rfe8 20. Nc2 Ne5 21. Be2 Rad8 22. Rad1 Bf5 23. Nb4 Nc4 24. Bxc4 dxc4 25. Nc5 Bc8 26. h4 Kf8 27. Rxe8+ Kxe8 28. Rxd8+ Kxd8 29. Ke3 Ne8 30. Nd5 Nd6 31. Kf4 Nf5 32. Ne3 Nd6 33. g4 Kc7 34. Ne4 Nxe4 35. Kxe4 Be6 36. gxh5 gxh5 37. Kf4 Kc6 38. Kg5 Kb5 39. Kxh5 Kxa5 40. Kg5 Ka4 41. h5 f5 42. h6 Bg8 43. Kg6 Kb3 44. Kg7 f4 45. Ng4 Bd5 46. h7 Bxf3 47. Ne5 Bd5 48. h8=Q Kxb2 49. Qd8 Be4 50. Qd4 Bf5 51. Qxf4 Be6 52. Qd4 Kb3 53. Kf6 Bg8 54. Nf3 b5 55. Ke5 a5 56. Kf4 a4 57. Nd2+ Kc2 58. Qd6 Kxc3 59. Ke3 b4 60. Qd4+ Kc2 61. Nxc4 a3 62. Qd2+ Kb3 63. Na5+ Ka4 64. Nc6 1-0


[Site "https://www.chess.com"]

[Event "Titled Tuesday Blitz August 24 2021"]
[White "Silva, Miguel Antonio Neto"]
[Black "Jarovinsky, Alexey"]
[WhiteFideId "1911929"]
[BlackFideId "14115131"]
[WhiteElo "2449"]
[BlackElo "2756"]
[Result "0-1"]
[Round "09"]
[TimeControl "180+1"]
[Date "2021.08.24"]
[WhiteClock "0:00:19"]
[BlackClock "0:00:10"]

1. Nf3 Nc6 2. d4 Nf6 3. g3 g6 4. Bg2 Bg7 5. O-O O-O 6. c4 d6 7. Nc3 a6 8. b3 Bg4 9. Bg5 h6 10. Bd2 Qd7 11. Rc1 e5 12. dxe5 dxe5 13. Be3 Rad8 14. Qxd7 Rxd7 15. h3 Be6 16. Rfd1 Rfd8 17. Rxd7 Rxd7 18. Rd1 Rxd1+ 19. Nxd1 Nd7 20. Nc3 f5 21. Ne1 e4 22. Bd2 Nb4 23. a3 Nc6 24. Nc2 Nc5 25. b4 Nb3 26. Be1 Bxc4 27. Ne3 Bxc3 28. Bxc3 Bxe2 29. Nd5 Bc4 30. Nxc7 Kf7 31. Na8 Nbd4 32. Kh2 b5 33. Nb6 Be6 34. g4 Ke7 35. Bd2 h5 36. gxh5 gxh5 37. Bf4 Ne2 38. Be3 Kd6 39. Bc5+ Kc7 40. f3 Nc3 41. fxe4 Nxe4 42. Be3 Kb7 43. Bf3 h4 44. Kg2 Ne5 45. Bd4 Nd3 46. Bxe4+ fxe4 47. Be3 Ne5 48. Kf2 Bxh3 49. Bd4 Nc6 50. Ke3 Nxd4 51. Kxd4 Kxb6 0-1


[Site "https://www.chess.com"]

[Event "Titled Tuesday Blitz August 24 2021"]
[White "Sjugirov, Sanan"]
[Black "Wagh Suyog"]
[WhiteFideId "4189302"]
[BlackFideId "25071688"]
[WhiteElo "2472"]
[BlackElo "2219"]
[Result "1-0"]
[Round "09"]
[TimeControl "180+1"]
[Date "2021.08.24"]
[WhiteClock "0:00:27"]
[BlackClock "0:00:18"]

1. e4 e5 2. Nf3 Nc6 3. Bb5 a6 4. Ba4 Nf6 5. O-O Be7 6. d3 b5 7. Bb3 O-O 8. a4 Bb7 9. c3 d5 10. Nbd2 Re8 11. Re1 Bf8 12. exd5 Nxd5 13. Ne4 h6 14. Bxh6 Qd7 15. axb5 axb5 16. Rxa8 Bxa8 17. Bd2 Na5 18. Ba2 c5 19. Nfg5 c4 20. Qh5 Qf5 21. Bb1 Qg6 22. Qxg6 fxg6 23. dxc4 Nxc4 24. Bc1 Bc6 25. h4 Ra8 26. Nd2 Ra1 27. Bxg6 Nxb2 28. Ndf3 Nxc3 29. Bxb2 Rxe1+ 30. Nxe1 Ne2+ 31. Kf1 Nf4 32. Bf7+ Kh8 33. Bxe5 1-0


[Site "https://www.chess.com"]

[Event "Titled Tuesday Blitz August 24 2021"]
[White "Skliarov, Viktor"]
[Black "Lazavik, Denis"]
[WhiteFideId "14106736"]
[BlackFideId "13515110"]
[WhiteElo "2281"]
[BlackElo "2436"]
[Result "1/2-1/2"]
[Round "09"]
[TimeControl "180+1"]
[Date "2021.08.24"]
[WhiteClock "0:00:02"]
[BlackClock "0:00:02"]

1. e4 c5 2. Nf3 e6 3. d4 cxd4 4. Nxd4 Nc6 5. Nc3 Qc7 6. Be2 a6 7. O-O Nf6 8. Be3 Be7 9. Kh1 O-O 10. f4 d6 11. Qe1 Nxd4 12. Bxd4 b5 13. a3 Bb7 14. Qg3 Bc6 15. Bd3 e5 16. fxe5 Nh5 17. Qg4 dxe5 18. Qxh5 exd4 19. Nd5 Bxd5 20. exd5 g6 21. Qf3 Bd6 22. g3 Rae8 23. Rae1 Re5 24. Rxe5 Bxe5 25. Re1 Re8 26. Kg2 Kg7 27. Re4 Qd6 28. Re2 Rc8 29. Qe4 Bf6 30. Qf3 Rc5 31. Be4 Bg5 32. Qd3 Bf6 33. Bf3 h5 34. Re8 Qc7 35. Re2 Qd7 36. Qe4 Rc8 37. h4 Qd6 38. Kh3 Rc7 39. Kg2 Re7 40. Qd3 Re5 41. Rxe5 Qxe5 42. Qe4 Qc7 43. Be2 Qc5 44. Bd3 Be7 45. Qe5+ Kg8 46. Qb8+ Kg7 47. Qe5+ Bf6 48. Qe4 Qd6 49. Kf3 Be5 50. Qe1 f5 51. Kg2 Qxd5+ 52. Kf2 Qd6 53. Kg2 Kf6 54. Qf2 Qd5+ 55. Qf3 Qd6 56. Kf2 Kg7 57. Kg2 Kh6 58. Kf2 Qf6 59. Kg2 f4 60. gxf4 Bxf4 61. Qe4 Be5 62. Kg1 Kg7 63. Kg2 Bf4 64. Qb7+ Kh6 65. Qe4 Be3 66. Kh2 Bf4+ 67. Kg2 1/2-1/2


[Site "https://www.chess.com"]

[Event "Titled Tuesday Blitz August 24 2021"]
[White "Svane, Rasmus"]
[Black "Timmermans, Mark"]
[WhiteFideId "4657101"]
[BlackFideId "1026399"]
[WhiteElo "2669"]
[BlackElo "2460"]
[Result "1/2-1/2"]
[Round "09"]
[TimeControl "180+1"]
[Date "2021.08.24"]
[WhiteClock "0:00:06"]
[BlackClock "0:00:41"]

1. Nf3 Nf6 2. g3 e6 3. Bg2 d5 4. O-O Be7 5. c4 O-O 6. b3 c5 7. cxd5 Nxd5 8. Nc3 Nc6 9. Nxd5 Qxd5 10. Bb2 Qd8 11. Rc1 Bd7 12. d4 cxd4 13. Nxd4 Rc8 14. Nxc6 Bxc6 15. Bxc6 bxc6 16. Rc4 Bf6 17. Bxf6 Qxf6 18. Qc2 Qe5 19. Rc1 h6 20. e3 Rfd8 21. Rxc6 Rxc6 22. Qxc6 Qb2 23. Qc2 Rd2 24. Qxb2 Rxb2 25. Rc8+ Kh7 26. Rc7 Rxa2 27. Rxf7 Kg6 28. Rb7 Kf6 29. Kg2 a5 30. g4 a4 31. Kg3 Rb2 32. b4 a3 33. Ra7 a2 34. f4 Re2 35. Kf3 Rxh2 36. Ra6 Kf7 37. Ke4 Rb2 38. Ke5 Rxb4 39. Ra7+ Kg8 40. Rxa2 Rb6 41. Ra8+ Kf7 42. Ra7+ Kf8 43. e4 Rc6 44. Rd7 Rc4 45. Rd6 Kf7 46. Rd7+ Kf8 47. Rb7 Ra4 48. Rb6 Kf7 49. Rc6 Rb4 50. Rc7+ Kf8 51. Ra7 Rc4 52. Ra8+ Kf7 53. Ra7+ Kf8 54. Ra5 Rb4 55. Rc5 Ra4 56. Rb5 Kf7 57. Rb7+ Kf8 58. Rb8+ Kf7 59. Rb7+ Kf8 1/2-1/2


[Site "https://www.chess.com"]

[Event "Titled Tuesday Blitz August 24 2021"]
[White "Taboas Rodriguez, Daniel"]
[Black "Loy, Konstantin"]
[WhiteFideId "2208466"]
[BlackFideId "14122499"]
[WhiteElo "2429"]
[BlackElo "2084"]
[Result "0-1"]
[Round "09"]
[TimeControl "180+1"]
[Date "2021.08.24"]
[WhiteClock "0:00:02"]
[BlackClock "0:00:20"]

1. d4 Nf6 2. Nf3 g6 3. c4 c5 4. e3 Bg7 5. Nc3 cxd4 6. exd4 d5 7. cxd5 Nxd5 8. Bc4 Nxc3 9. bxc3 O-O 10. O-O e6 11. Qe2 Nc6 12. Bg5 Bf6 13. Bh6 Bg7 14. Qe3 b6 15. Rad1 Bb7 16. d5 exd5 17. Rxd5 Qf6 18. Bxg7 Kxg7 19. Rd7 Na5 20. Be2 Rfe8 21. Qd2 Rad8 22. Rd4 Nc6 23. Rxd8 Rxd8 24. Qe3 Ne7 25. c4 Nf5 26. Qa3 a5 27. Rb1 Re8 28. Qb2 Qxb2 29. Rxb2 Bxf3 30. gxf3 Nd4 31. Kf1 Nxe2 32. Rxe2 Rxe2 33. Kxe2 Kf6 34. Ke3 Ke5 35. f4+ Kf5 36. a4 Ke6 37. Kd4 Kd6 38. h4 h6 39. Ke4 Kc5 40. Ke5 Kxc4 41. Kf6 b5 42. axb5 Kxb5 43. Kxf7 a4 44. Kxg6 a3 45. Kxh6 a2 46. Kg6 a1=Q 47. h5 Qh8 48. h6 Kc6 49. f5 Kd7 50. f6 Ke6 51. f7 Ke7 52. f4 Qf6+ 53. Kh7 Qxf7+ 54. Kh8 Kf8 55. f5 Qg8# 0-1


[Site "https://www.chess.com"]

[Event "Titled Tuesday Blitz August 24 2021"]
[White "Ter-Sahakyan, Samvel"]
[Black "Sanchez Alvares, Kelvin Antonio"]
[WhiteFideId "13302531"]
[BlackFideId "3906680"]
[WhiteElo "2551"]
[BlackElo "2247"]
[Result "1-0"]
[Round "09"]
[TimeControl "180+1"]
[Date "2021.08.24"]
[WhiteClock "0:00:05"]
[BlackClock "0:00:13"]

1. Nf3 c5 2. e4 d6 3. Bb5+ Nd7 4. a4 Nf6 5. Nc3 a6 6. Be2 b6 7. d4 cxd4 8. Qxd4 Bb7 9. O-O g6 10. Rd1 Bg7 11. e5 dxe5 12. Nxe5 Nxe5 13. Qxe5 Qb8 14. Bf4 Qxe5 15. Bxe5 Rc8 16. Ra3 O-O 17. Rb3 b5 18. axb5 axb5 19. Bxb5 Ne4 20. Bxg7 Kxg7 21. f3 Nxc3 22. Rxc3 Rxc3 23. bxc3 Kf6 24. Rd7 Ba8 25. c4 Rc8 26. Ra7 e6 27. Ra6 Ke5 28. Kf2 h5 29. h4 Bb7 30. Ra7 Bc6 31. Bxc6 Rxc6 32. Rxf7 Rxc4 33. Kg3 Rxc2 34. f4+ Kd6 35. Rf6 Rc3+ 36. Kf2 Ke7 37. Rxg6 Rc4 38. g3 Rc5 39. Rg5 Rxg5 40. hxg5 Kf7 41. Kf3 Kg6 42. Ke4 1-0


[Site "https://www.chess.com"]

[Event "Titled Tuesday Blitz August 24 2021"]
[White "Terry, Renato"]
[Black "Molina, Roberto Junio Brito"]
[WhiteFideId "3803457"]
[BlackFideId "2109450"]
[WhiteElo "2581"]
[BlackElo "2402"]
[Result "1-0"]
[Round "09"]
[TimeControl "180+1"]
[Date "2021.08.24"]
[WhiteClock "0:00:19"]
[BlackClock "0:00:03"]

1. Nf3 d5 2. b3 Bg4 3. Bb2 Bxf3 4. gxf3 e6 5. e3 Nd7 6. f4 Ngf6 7. Qf3 g6 8. c4 c6 9. cxd5 cxd5 10. Bb5 Bg7 11. f5 exf5 12. h4 O-O 13. h5 Nxh5 14. Bxg7 Nxg7 15. Qxd5 Nf6 16. Qxb7 Rb8 17. Qc6 Rb6 18. Qc4 Qa8 19. Rf1 Rc8 20. Qa4 Ne4 21. Na3 Ng5 22. Qf4 N7e6 23. Qa4 Nc5 24. Qa5 Nf3+ 25. Ke2 Ng5 26. f3 Nce6 27. Bc4 Rd8 28. Rad1 Rbd6 29. Nb5 R6d7 30. Nc3 f4 31. Bxe6 Nxe6 32. Ne4 1-0


[Site "https://www.chess.com"]

[Event "Titled Tuesday Blitz August 24 2021"]
[White "Tikhonov, Viacheslav"]
[Black "Vlassov, Nikolai"]
[WhiteFideId "44196407"]
[BlackFideId "4103360"]
[WhiteElo "1773"]
[BlackElo "2407"]
[Result "1-0"]
[Round "09"]
[TimeControl "180+1"]
[Date "2021.08.24"]
[WhiteClock "0:01:13"]
[BlackClock "0:00:07"]

1. d4 Nf6 2. c4 Nc6 3. Nf3 e6 4. a3 d5 5. Nc3 dxc4 6. Bg5 Na5 7. e4 c6 8. Be2 h6 9. Bh4 g5 10. Bg3 b5 11. O-O Nb3 12. Rb1 g4 13. Ne5 Nxd4 14. Bxg4 h5 15. Be2 h4 16. Bf4 Bb7 17. Bg5 Be7 18. Qd2 Rg8 19. Bxh4 c5 20. Qe3 b4 21. Bxc4 bxc3 22. bxc3 Bxe4 23. Bxf6 Rxg2+ 24. Kh1 Bxf6 25. Qxe4 Rxh2+ 26. Kxh2 Bxe5+ 27. Kh3 Nf5 28. Qxe5 Qh4+ 29. Kg2 Qg4+ 30. Kh1 Qxc4 31. Qh8+ Ke7 32. Qxa8 Qh4+ 33. Kg1 Qg4+ 34. Qg2 Qe2 35. Qg5+ Kd6 36. Rfd1+ Kc6 37. Qg2+ 1-0


[Site "https://www.chess.com"]

[Event "Titled Tuesday Blitz August 24 2021"]
[White "Timofeev, Artyom"]
[Black "Costachi, Mihnea"]
[WhiteFideId "4140419"]
[BlackFideId "1217518"]
[WhiteElo "2582"]
[BlackElo "2482"]
[Result "1-0"]
[Round "09"]
[TimeControl "180+1"]
[Date "2021.08.24"]
[WhiteClock "0:01:06"]
[BlackClock "0:00:19"]

1. c4 Nf6 2. Nc3 g6 3. g3 Bg7 4. Bg2 O-O 5. d3 d6 6. Nf3 Nc6 7. O-O e5 8. Rb1 a5 9. b3 Re8 10. Bb2 h6 11. h3 Be6 12. Nd2 d5 13. cxd5 Nxd5 14. Rc1 Nxc3 15. Bxc3 Bd5 16. Nf3 e4 17. dxe4 Bxe4 18. Bxg7 Kxg7 19. e3 a4 20. bxa4 Qxd1 21. Rfxd1 Rxa4 22. Rd7 Bxf3 23. Bxf3 Ne5 24. Bd1 Nxd7 25. Bxa4 c6 26. Kf1 Ra8 27. Bb3 Ra5 28. f4 Nc5 29. Ke2 Nxb3 30. axb3 Ra2+ 31. Kf3 Rh2 32. Rd1 Rb2 33. Rd3 Kf6 34. g4 Ke6 35. h4 h5 36. gxh5 gxh5 37. Rc3 f5 38. e4 fxe4+ 39. Kxe4 Rh2 40. Rg3 Rxh4 41. Rg7 b5 42. Rg6+ Kd7 43. b4 Rh1 44. f5 Rb1 45. Ke5 Re1+ 46. Kf6 Kd6 47. Kg7+ Kd5 48. f6 Kc4 49. f7 Re7 50. Rxc6+ Kxb4 51. Kf6 Rxf7+ 52. Kxf7 Ka3 53. Ke6 b4 54. Kd5 b3 55. Kc4 h4 56. Kc3 Ka4 57. Rh6 b2 58. Kxb2 1-0


[Site "https://www.chess.com"]

[Event "Titled Tuesday Blitz August 24 2021"]
[White "Tregubov, Pavel V."]
[Black "TanitoluwaAps116"]
[WhiteFideId "4115341"]
[WhiteElo "2423"]
[BlackElo "2465"]
[Result "0-1"]
[Round "09"]
[TimeControl "180+1"]
[Date "2021.08.24"]
[WhiteClock "0:00:49"]
[BlackClock "0:00:44"]

1. e4 c5 2. Nf3 e6 3. c3 Nf6 4. e5 Nd5 5. d4 Nc6 6. Bc4 Nb6 7. Bd3 d6 8. O-O dxe5 9. dxe5 Be7 10. Qe2 O-O 11. Rd1 Qc7 12. Qe4 g6 13. Bg5 Bxg5 14. Nxg5 Qxe5 15. Qh4 Qg7 16. Nd2 Ne5 17. Nde4 h6 18. Nh3 c4 19. Nf6+ Kh8 20. Be4 g5 21. Qh5 Qxf6 22. f4 gxf4 23. Rf1 Nd5 24. Bxd5 exd5 25. Rxf4 Qg7 26. Raf1 Bg4 27. Qh4 Be2 28. Rf6 Ng6 0-1


[Site "https://www.chess.com"]